 Dungeon Crawl Stone Soup version 0.23-a0-582-g1b4a0ca (webtiles) character file.

28623 Venal the Grappler (level 13, -3/106 HPs)
             Began as a Troll Earth Elementalist on Dec 16, 2018.
             Was a High Priest of Hepliaklqana.
             Slain by a hell hound (5 damage)
             ... led by Azrael
             ... on level 13 of the Dungeon.
             The game lasted 00:54:36 (12795 turns).

Venal the Grappler (Troll Earth Elementalist)      Turns: 12795, Time: 00:54:36

Health: -3/106     AC: 22    Str: 19    XL:     13   Next: 10%
Magic:  28/28      EV:  8    Int: 17    God:    Hepliaklqana [*****.]
Gold:   1322       SH: 11    Dex: 16    Spells: 13/20 levels left

rFire    . . .     SeeInvis .     - Unarmed
rCold    + + .     Gourm    +   F - +0 shield {AC+3}
rNeg     . . .     Faith    .   R - +0 ice dragon scales
rPois    .         Spirit   .   a - +3 hat of Pondering {ponderous, MR+ MP+10 Int+5}
rElec    .         Reflect  .   Q - +1 cloak
rCorr    .         Harm     .   (gloves unavailable)
MR       +++..     Rnd*Rage +   (boots unavailable)
Stlth    ..........             V - necklace of Bloodlust {*Rage +Rage MR++ Int-3 Slay+6 *Curse}
HPRegen  0.67/turn              w - +6 ring of dexterity
MPRegen  0.21/turn              Z - ring of protection from fire

@: slow
A: large, unfitting armour, reduced essence, claws 3, fast metabolism 3,
gourmand, regeneration 1, shaggy fur 1, tough skin 2
a: Recall Ancestor, Ancestor Identity, Transference, Idealise, Renounce
Religion, Evoke Berserk Rage


You were on level 13 of the Dungeon.
You worshipped Hepliaklqana.
Hepliaklqana was extremely pleased with you.
You were completely stuffed.

You visited 2 branches of the dungeon, and saw 15 of its levels.
You also visited: Ice Cave.

You collected 1366 gold pieces.
You spent 44 gold pieces at shops.

Inventory:

Hand Weapons
 o - a +0 blowgun
 C - a +1 halberd of protection
 J - a +4 halberd
Missiles
 b - 512 stones (quivered)
 v - 2 throwing nets
 L - 8 poisoned javelins
 S - 6 large rocks
Armour
 a - the +3 hat of Pondering (worn) {ponderous, MR+ MP+10 Int+5}
   (You took it off Gastronok on level 9 of the Dungeon)

   It affects your intelligence (+5).
   It affects your resistance to hostile enchantments.
   It affects your magic capacity (+10).
 c - a +0 robe
 F - a +0 shield of protection (worn)
 Q - a +1 cloak (worn)
 R - +0 ice dragon scales (worn)
Jewellery
 w - a +6 ring of dexterity (left claw)
 D - an uncursed ring of flight
 T - an uncursed amulet of guardian spirit {unknown}
 V - the necklace of Bloodlust (around neck) {*Rage +Rage MR++ Int-3 Slay+6 *Curse}
   (You found it in an ice cave)

   [amulet of rage]

   It affects your intelligence (-3).
   It affects your accuracy and damage with ranged weapons and melee attacks
   (+6).
   It affects your resistance to hostile enchantments.
   It lets you go berserk.
   It may make you go berserk in combat.
   It curses itself when equipped.
 W - an uncursed ring of resist corrosion
 X - an uncursed ring of ice
 Y - an uncursed ring of magical power
 Z - a ring of protection from fire (right claw)
Wands
 k - a wand of iceblast (9)
 p - a wand of random effects (62)
 E - a wand of acid (6)
 K - a wand of digging (5)
 M - a wand of enslavement (12)
 O - a wand of paralysis (17)
 P - a wand of flame (10)
Scrolls
 g - a scroll of immolation {unknown}
 h - a scroll of blinking {unknown}
 i - 10 scrolls of remove curse
 l - 3 scrolls of enchant weapon
 r - 2 scrolls of magic mapping
 t - 5 scrolls of teleportation
 x - 3 scrolls of enchant armour
 y - 5 scrolls of fog
 z - 2 scrolls of fear
 A - a scroll of amnesia {unknown}
 B - a scroll of noise {unknown}
 G - a scroll of summoning {unknown}
Potions
 e - 5 potions of curing
 f - 3 potions of brilliance
 j - a potion of agility
 m - 2 potions of invisibility
 n - a potion of flight {unknown}
 s - 2 potions of magic
 u - a potion of ambrosia
 H - 2 potions of might
Miscellaneous
 I - a phial of floods
Comestibles
 d - 34 rations
 q - a chunk of flesh


   Skills:
 + Level 5.1 Fighting
 - Level 0.1 Polearms
 + Level 0.1 Throwing
 * Level 6.2 Armour
 - Level 1.6 Dodging
 - Level 1.0 Stealth
 - Level 9.0 Shields
 - Level 14.0 Unarmed Combat
 - Level 4.0 Spellcasting
 - Level 3.2 Transmutations
 - Level 5.0 Earth Magic
 - Level 0.2 Invocations
 + Level 2.1 Evocations


You had 13 spell levels left.
You knew the following spells:

 Your Spells              Type           Power        Failure   Level  Hunger
a - Sandblast             Erth           ###...       7%          1    None
b - Passwall              Tmut/Erth      ###.....     14%         2    ##.....
c - Ice Form              Ice/Tmut       #.......     95%         4    ####...

Your spell library contained the following spells:

 Spells                   Type           Power        Failure   Level  Hunger
 Stone Arrow              Conj/Erth      ##....       50%         3    ###....
 Petrify                  Tmut/Erth      ###.....     67%         4    ####...
 Lee's Rapid Deconstruct  Erth           ###.......   88%         5    ######.
 Metabolic Englaciation   Hex/Ice        #.........   100%        5    ######.
 Bolt of Cold             Conj/Ice       #.........   100%        6    #######
 Freezing Cloud           Conj/Ice/Air   #.........   100%        6    #######
 Ozocubu's Refrigeration  Ice            #.........   100%        6    #######
 Simulacrum               Ice/Necr       #.........   100%        6    #######


Dungeon Overview and Level Annotations

Branches:
Dungeon (14/15)            Temple (1/1) D:5            Lair (0/6) D:9
    Orc (0/2) D:10
 Vaults: D:13-14

Altars:
Ashenzari
Cheibriados
Dithmenos
Elyvilon
Fedhas
Gozag
Hepliaklqana
Kikubaaqudgha
Makhleb
Nemelex Xobeh
Okawaru
Qazlal
Ru
Sif Muna
Trog
Uskayaw
Vehumet
Wu Jian
Xom
Yredelemnul
Zin
The Shining One

Shops:
D:8 ?

Annotations:
D:3 exclusion: downstairs
D:8 exclusion: downstairs
D:10 exclusion: downstairs
D:13 Azrael


Innate Abilities, Weirdness & Mutations

You are too large for most types of armour.
You have claws for hands.
Your metabolism is lightning-fast.
You like to eat raw meat.
Your natural rate of healing is unusually fast.
You are covered in fur. (AC +1)
You have very tough skin. (AC +2)
Your life essence is reduced to manifest your ancestor. (-10% HP)


Message History

You closely miss Azrael.
Azrael hits you with a +1 scimitar of flaming!
* * * LOW HITPOINT WARNING * * *
Azrael burns you.
* * * LOW HITPOINT WARNING * * *
The hell hound barely misses you. The hell hound bites you.
* * * LOW HITPOINT WARNING * * *
Okay, then.
You feel better.
You feel less invigorated. The hell hound completely misses you.
You block Azrael's attack.
The hell hound bites you but does no damage.
You block the hell hound's attack. Azrael gestures at you.
The fireball explodes!
The fireball engulfs you!
* * * LOW HITPOINT WARNING * * *
The fireball engulfs Azrael.
Azrael completely resists.
The fireball engulfs the hell hound.
The hell hound completely resists.
The fireball engulfs the hell hound.
The hell hound completely resists.
The hell hound bites you.
You die...

#......##......# #.....).#
#..(....'......# #.#####.#
#.......#......#####.# #.######
#.......#............# #)).....
######..#.....[......# #.......
.....####............# #.......
........^............# #....([.
...............Rh....# #.....((
...............h@....# #.......
###..................#####...####
#.....########.............#
#.....# #.............# #..>..#
#.............# #.....#
#.......#####.# #.....#
#.......#...#.# #.....#
#.......#...#.#### ###.....#
#.......#...'.....


You could see Azrael and 2 hell hounds.

Vanquished Creatures
  Gastronok (D:9)
  A hydra (D:12)
  Harold (D:7)
  2 ice dragons (IceCv)
  A death knight (D:13)
  A two-headed ogre (D:8)
  Urug (D:11)
  2 cyclopes
  3 ugly things
  Maurice (D:11)
  2 ice statues (IceCv)
  2 gargoyles
  Psyche (D:9)
  2 freezing wraiths (D:13)
  A kobold demonologist (D:13)
  A rime drake (IceCv)
  A tengu conjurer (D:13)
  Prince Ribbit (D:6)
  3 trolls
  3 hippogriffs
  Sigmund (D:3)
  6 yaks
  2 wraiths
  A vampire (D:10)
  2 humans (D:8)
  2 fire elementals (D:14)
  A steam dragon (D:10)
  2 vampire mosquitoes (D:13)
  6 orc warriors
  6 sky beasts
  An eye of draining (D:13)
  A hornet zombie (D:13)
  A necrophage (D:7)
  11 ice beasts
  6 ogres
  4 centaurs
  A crocodile (D:9)
  3 big kobolds
  8 bullfrogs
  A gnoll sergeant (D:9)
  5 scorpions
  5 killer bees
  6 wights
  5 howler monkeys
  2 centaur zombies
  4 crimson imps
  2 bullfrog zombies
  2 quasits
  A jelly (D:11)
  5 orc wizards
  5 orc priests
  3 hounds
  2 centaur skeletons
  Jessica (D:2)
  4 bullfrog skeletons
  3 iguanas
  6 worker ants
  A hound skeleton (D:7)
  A hound zombie (D:7)
  7 gnolls
  11 adders
  2 howler monkey skeletons
  A shadow imp (D:11)
  2 oozes (D:6)
  A worm (D:2)
  5 dart slugs
  9 leopard geckos
  36 orcs
  6 giant cockroaches
  6 hobgoblins
  14 jackals
  17 kobolds
  6 quokkas
  2 ball pythons
  2 bats (D:1)
  3 frilled lizards
  2 goblins
  A jackal zombie (D:6)
  7 rats
300 creatures vanquished.

Vanquished Creatures (collateral kills)
  A slime creature (D:12)
  An ugly thing (D:11)
  A deep elf mage (D:13)
  A centaur zombie (D:12)
  A rime drake (IceCv)
  A komodo dragon (D:9)
  A freezing wraith (D:13)
  A troll (D:10)
  2 hippogriffs
  2 wyverns
  6 yaks
  A fire elemental (D:14)
  A hungry ghost (D:10)
  A vampire mosquito (D:13)
  A soldier ant (D:10)
  A necrophage (D:12)
  7 ice beasts
  2 orc warriors
  A black bear (D:12)
  2 eyes of draining
  2 ogres
  A bullfrog (D:11)
  A scorpion (D:10)
  2 killer bees (D:9)
  An electric eel (D:12)
  2 howler monkeys
  A crimson imp (D:9)
  3 hounds
  A jelly (D:9)
  An orc priest (D:9)
  A centaur skeleton (D:9)
  A hound zombie (D:8)
  3 gnolls (D:9)
  8 orcs
  2 jackals
  A quokka (D:6)
66 creatures vanquished.

Vanquished Creatures (others)
  7 battlemagi
  3 ancestors
  6 plants
16 creatures vanquished.

Grand Total: 382 creatures vanquished

Notes
Turn   | Place    | Note
-------+----------+-------------------------------------------
     0 | D:1      | Venal the Troll Earth Elementalist began the quest for the
                  | Orb.
     0 | D:1      | Reached XP level 1. HP: 16/16 MP: 1/1
    79 | D:1      | Reached XP level 2. HP: 20/24 MP: 3/3
    90 | D:1      | Learned a level 2 spell: Passwall
   483 | D:1      | Reached skill level 1 in Transmutations
   483 | D:1      | Reached XP level 3. HP: 31/31 MP: 4/4
   905 | D:2      | Reached skill level 1 in Unarmed Combat
  1285 | D:2      | Reached XP level 4. HP: 39/39 MP: 5/5
  1521 | D:2      | Noticed Jessica
  1532 | D:2      | Killed Jessica
  1532 | D:2      | Reached skill level 2 in Unarmed Combat
  1888 | D:3      | Noticed Sigmund
  1931 | D:3      | Killed Sigmund
  1931 | D:3      | Reached skill level 1 in Shields
  1931 | D:3      | Reached skill level 4 in Unarmed Combat
  1931 | D:3      | Reached XP level 5. HP: 29/46 MP: 6/6
  1931 | D:3      | Reached XP level 6. HP: 34/54 MP: 7/7
  2691 | D:4      | Reached skill level 5 in Unarmed Combat
  3051 | D:4      | Noticed a sky beast
  3062 | D:4      | Killed a sky beast
  3062 | D:4      | Reached skill level 1 in Fighting
  3070 | D:4      | Reached XP level 7. HP: 26/62 MP: 8/8
  3323 | D:4      | Reached skill level 6 in Unarmed Combat
  3404 | D:5      | Entered Level 5 of the Dungeon
  3481 | D:5      | Found a staircase to the Ecumenical Temple.
  3504 | Temple   | Entered the Ecumenical Temple
  3756 | Temple   | Became a worshipper of Hepliaklqana the Forgotten
  3952 | D:5      | Reached skill level 7 in Unarmed Combat
  4216 | D:5      | Reached XP level 8. HP: 63/63 MP: 9/9
  4597 | D:6      | Noticed Prince Ribbit
  4605 | D:6      | Killed Prince Ribbit
  4756 | D:5      | Reached skill level 8 in Unarmed Combat
  5289 | D:6      | Reached skill level 9 in Unarmed Combat
  5299 | D:6      | Reached * piety under Hepliaklqana
  5641 | D:7      | Reached XP level 9. HP: 70/70 MP: 10/10
  5920 | D:7      | Found a radiant altar of Vehumet.
  6302 | D:7      | Noticed Harold
  6335 | D:7      | Killed Harold
  6335 | D:7      | Reached skill level 10 in Unarmed Combat
  6886 | D:8      | Reached ** piety under Hepliaklqana
  6887 | D:8      | Remembered your ancestor Idle as a battlemage
  6892 | D:8      | Reached skill level 11 in Unarmed Combat
  6929 | D:8      | Found an iron altar of Okawaru.
  6937 | D:8      | Reached skill level 5 in Shields
  6977 | D:8      | Noticed a two-headed ogre
  6991 | D:8      | Killed a two-headed ogre
  6991 | D:8      | Reached XP level 10. HP: 63/80 MP: 11/11
  6992 | D:8      | Found Ugufapti's Magic Scroll Shoppe.
  7024 | D:8      | Bought a scroll of identify for 22 gold pieces
  7031 | D:8      | Bought a scroll of identify for 22 gold pieces
  7043 | D:8      | Found a glowing golden altar of the Shining One.
  7323 | D:9      | Reached skill level 12 in Unarmed Combat
  7580 | D:9      | Noticed Psyche
  7588 | D:9      | Killed Psyche
  7754 | D:9      | Noticed Gastronok
  7765 | D:9      | Killed Gastronok
  7765 | D:9      | Reached skill level 13 in Unarmed Combat
  7765 | D:9      | Reached XP level 11. HP: 73/88 MP: 12/12
  7820 | D:9      | Reached skill level 1 in Evocations
  7928 | D:9      | Reached *** piety under Hepliaklqana
  7929 | D:9      | Found a deep blue altar of Sif Muna.
  8267 | D:9      | Found a staircase to the Lair.
  8330 | D:10     | Entered Level 10 of the Dungeon
  8441 | D:10     | Found a staircase to the Orcish Mines.
  8761 | D:10     | Found a white marble altar of Elyvilon.
  9377 | D:11     | Noticed Urug
  9420 | D:11     | Noticed Maurice
  9430 | D:11     | Killed Maurice
  9574 | D:11     | Killed Urug
  9738 | D:11     | Noticed a cyan ugly thing
  9753 | D:11     | Killed a cyan ugly thing
 10083 | D:12     | Reached **** piety under Hepliaklqana
 10086 | D:12     | Noticed a cyan ugly thing
 10088 | D:12     | Found a frozen archway.
 10100 | D:12     | Killed a cyan ugly thing
 10203 | D:12     | Noticed a five-headed hydra
 10215 | D:12     | Killed an eight-headed hydra
 10270 | D:12     | Reached XP level 12. HP: 74/96 MP: 15/15
 10444 | IceCv    | Entered an ice cave
 10513 | IceCv    | Reached skill level 14 in Unarmed Combat
 10778 | IceCv    | Noticed an ice dragon
 10778 | IceCv    | Noticed an ice dragon
 10779 | IceCv    | Found the cursed necklace of Bloodlust {*Rage +Rage MR++
                  | Int-3 Slay+6 *Curse}
 10937 | IceCv    | Learned a level 4 spell: Ice Form
 11070 | IceCv    | Killed an ice dragon
 11075 | IceCv    | Killed an ice dragon
 11075 | IceCv    | Reached skill level 5 in Earth Magic
 11350 | D:12     | Reached skill level 1 in Armour
 12127 | D:13     | Reached skill level 5 in Fighting
 12322 | D:13     | Reached skill level 5 in Armour
 12465 | D:13     | Noticed a death knight
 12470 | D:13     | Reached XP level 13. HP: 104/104 MP: 18/18
 12707 | D:13     | Found a sacrificial altar of Ru.
 12772 | D:14     | Reached ***** piety under Hepliaklqana
 12775 | D:14     | Noticed Azrael
 12795 | D:13     | HP: 2/106 [Azrael/fireball (18)]
 12795 | D:13     | Slain by a hell hound

Vault maps used:
D:1:      beargit_arrival_greenhouse
D:2:      uniq_jessica
D:3:      first_ration, uniq_sigmund
D:5:      temple_pool_b
D:6:      minmay_octagon_keep, uniq_prince_ribbit1
D:7:      basic_altar, uniq_harold
D:8:      serial_shops, shop, basic_altar, okawaru_humans
D:9:      old_standard_altar, david_lair_shrubbed, uniq_gastronok, uniq_psyche
D:10:     david_orc_2, elyvilon_altar_1
D:11:     uniq_urug, uniq_maurice
D:12:     serial_bayou, serial_bayou_pond_b, serial_bayou_lagoon_a,
          serial_bayou_crossing, serial_bayou_shore_b,
          portal_ice_cave_entry_pillars_2
D:13:     grunt_tengu_nest, nicolae_ru_path_of_blood
D:14:     grunt_vaults_entry_tiered, minmay_misc_feat_cross,
          nicolae_trove_entry_crossroad, uniq_azrael
Temple:   nicolae_temple_the_god_donut
IceCv:    ice_cave_small_dragons

Skill      XL: |  1  2  3  4  5  6  7  8  9 10 11 12 13 |
---------------+----------------------------------------+-----
Earth Magic    | 3 5 |  5.0
Transmutations | 1 3 |  3.2
Unarmed Combat | 1 4 5 7 9 11 13 14 | 14.0
Shields        | 1 2 3 4 5 6 9 |  9.0
Fighting       | 1 2 3 4 5 |  5.1
Evocations     | 1 2 |  2.1
Spellcasting   | 3 4 |  4.0
Armour         | 5 6 |  6.2
Polearms       | |  0.1
Throwing       | |  0.1
Dodging        | |  1.6
Stealth        | |  1.0
Invocations    | |  0.2

Action                   |  1- 3 |  4- 6 |  7- 9 | 10-12 | 13-15 || total
-------------------------+-------+-------+-------+-------+-------++-------
Melee: Unarmed           |   122 |   151 |   260 |   567 |    30 ||  1130
 Cast: Ice Form          |       |       |       |     1 |       ||     1
Invok: Ancestor Identity |       |       |     1 |       |       ||     1
       Ancestor Life: Ba |       |       |     1 |       |       ||     1
 Abil: Evoke Flight      |       |       |       |     3 |       ||     3
       Evoke Berserk Rag |       |       |       |     1 |       ||     1
Evoke: Wand              |       |       |     3 |     3 |       ||     6
  Use: Potion            |       |     1 |       |     4 |     2 ||     7
       Scroll            |       |       |       |    14 |       ||    14
 Stab: Sleeping          |     3 |     1 |     4 |     2 |       ||    10
       Distracted        |       |       |       |     5 |     1 ||     6
  Eat: Chunk             |    17 |    16 |    35 |    59 |     4 ||   131
Armor: Robe              |    38 |    47 |    61 |    88 |       ||   234
       Ice dragon scales |       |       |       |    67 |    22 ||    89
       Skin              |       |       |       |     2 |       ||     2
Dodge: Dodged            |    42 |    29 |    63 |   149 |    10 ||   293
Block: Shield            |    19 |    55 |    89 |   205 |    19 ||   387

Table legend:
 A = Non-vault XP
 B = Vault XP
 C = Vault XP percentage of total XP
 D = Non-vault monster count
 E = Vault monster count
 F = Vault count percentage of total count
                 A         B        C        D         E       F
            +---------+---------+-------+---------+---------+-------
      Total |   26353 |   14537 |  35.6 |     313 |      53 |  14.5
            +---------+---------+-------+---------+---------+-------
        D:1 |      52 |       0 |   0.0 |      25 |       0 |   0.0
        D:2 |      47 |      37 |  44.0 |      12 |       1 |   7.7
        D:3 |      38 |     220 |  85.3 |      13 |       1 |   7.1
        D:4 |     603 |       0 |   0.0 |      21 |       0 |   0.0
        D:5 |     587 |       0 |   0.0 |      18 |       0 |   0.0
        D:6 |     693 |     472 |  40.5 |      23 |       6 |  20.7
        D:7 |     617 |     981 |  61.4 |      21 |       1 |   4.5
        D:8 |    2150 |     381 |  15.1 |      14 |       2 |  12.5
        D:9 |    3292 |    2984 |  47.5 |      48 |       3 |   5.9
       D:10 |    2704 |     409 |  13.1 |      32 |       8 |  20.0
       D:11 |    1993 |    1311 |  39.7 |      12 |       2 |  14.3
       D:12 |    6293 |    1504 |  19.3 |      33 |       5 |  13.2
       D:13 |    7284 |     316 |   4.2 |      41 |       1 |   2.4
       D:14 |       0 |     574 | 100.0 |       0 |       3 | 100.0
      IceCv |       0 |    5348 | 100.0 |       0 |      20 | 100.0
            +---------+---------+-------+---------+---------+-------
